 Dungeon Crawl Stone Soup version 0.22.1-1-ga44c0e5 (webtiles) character file.

123 Harpaggios the Firebug (level 4, 0/24 HPs)
             Began as a Deep Elf Fire Elementalist on Oct 18, 2018.
             Was an Initiate of Sif Muna.
             Slain by a worm (11 damage)
             ... on level 2 of the Dungeon.
             The game lasted 00:16:26 (1626 turns).

Harpaggios the Firebug (Deep Elf Fire Elementalist) Turns: 1626, Time: 00:16:26

Health: 0/24       AC:  2    Str:  5    XL:     4   Next: 80%
Magic:  1/12       EV: 13    Int: 21    God:    Sif Muna [......]
Gold:   116        SH:  0    Dex: 15    Spells: 9/12 levels left

rFire    . . .     SeeInvis .   d - +0 dagger
rCold    . . .     Gourm    .   (no shield)
rNeg     . . .     Faith    .   a - +0 robe
rPois    .         Spirit   .   (no helmet)
rElec    .         Reflect  .   (no cloak)
rCorr    .         Harm     .   (no gloves)
MR       .....                  (no boots)
Stlth    ++........             (no amulet)
HPRegen  0.08/turn              (no ring)
MPRegen  0.13/turn              (no ring)

@: no status effects
A: no striking features
a: Renounce Religion


You were on level 2 of the Dungeon.
You worshipped Sif Muna.
Sif Muna was noncommittal.
You were hungry.

You visited 1 branch of the dungeon, and saw 2 of its levels.

You collected 116 gold pieces.

Inventory:

Hand Weapons
 d - a +0 dagger (weapon)
Armour
 a - a +0 robe (worn)
Scrolls
 b - a scroll of amnesia {unknown}
 e - a scroll of identify
Potions
 g - 2 potions of cancellation
 h - a potion of brilliance {unknown}
 i - a potion of curing {unknown}
 j - a potion of heal wounds {unknown}
Comestibles
 c - 2 rations
 f - a chunk of flesh


   Skills:
 - Level 2.4 Dodging
 - Level 2.4 Stealth
 + Level 4.5 Spellcasting
 + Level 2.7 Conjurations
 * Level 4.7 Fire Magic


You had 9 spell levels left.
You knew the following spells:

 Your Spells              Type           Power        Failure   Level  Hunger
a - Flame Tongue          Conj/Fire      ###..        2%          1    None
b - Throw Flame           Conj/Fire      ###...       3%          2    #......

Your spell library contained the following spells:

 Spells                   Type           Power        Failure   Level  Hunger
 Conjure Flame            Conj/Fire      ###.....     8%          3    ##.....
 Inner Flame              Hex/Fire       ##......     13%         3    ##.....
 Sticky Flame             Conj/Fire      ###.....     24%         4    ####...
 Fireball                 Conj/Fire      ###.......   56%         5    ######.


Dungeon Overview and Level Annotations

Branches:
Dungeon (2/15)

Altars:
Ashenzari
Fedhas
Kikubaaqudgha
Sif Muna
Wu Jian


Message History

You hit the worm but do no damage.
The worm is lightly wounded.
You hit the worm.
The worm is moderately wounded.
The worm closely misses you.
You hit the worm but do no damage.
The worm is moderately wounded.
The worm barely misses you.
You hit the worm but do no damage.
The worm is lightly wounded.
You hit the worm.
The worm is moderately wounded.
The worm barely misses you.
You hit the worm.
The worm is moderately wounded.
You are feeling hungry.
You hit the worm.
The worm is heavily wounded.
The worm bites you!
You die...

.######...#.#
..........#.#
.######.#<#.#
#...(..## #.(.._...
#)._.....
##........ ###
#.....8.._ #@#
#####......... #w#
#......._..._. #.#
#.#####....... ##.#
#.# ###...#.
#..###>########.###
#...............#
#......########.#
#..##### #.# #..#
#.#


You could see a worm.

Vanquished Creatures
  Terence (D:2)
  5 adders (D:2)
  5 leopard geckos
  3 giant cockroaches
  5 goblins
  7 hobgoblins (D:1)
  A ball python (D:2)
  4 bats
  5 frilled lizards
  8 kobolds
  12 rats
56 creatures vanquished.

Notes
Turn   | Place    | Note
-------+----------+-------------------------------------------
     0 | D:1      | Harpaggios the Deep Elf Fire Elementalist began the quest
                  | for the Orb.
     0 | D:1      | Reached XP level 1. HP: 10/10 MP: 6/6
    72 | D:1      | Reached XP level 2. HP: 12/15 MP: 1/8
   365 | D:1      | Learned a level 2 spell: Throw Flame
   595 | D:1      | Reached XP level 3. HP: 16/19 MP: 5/10
  1060 | D:2      | Noticed Terence
  1065 | D:2      | Killed Terence
  1067 | D:2      | Reached XP level 4. HP: 21/24 MP: 1/12
  1229 | D:2      | Found a deep blue altar of Sif Muna.
  1230 | D:2      | Found a blossoming altar of Fedhas.
  1233 | D:2      | Found an ornate altar of the Wu Jian Council.
  1237 | D:2      | Found a shattered altar of Ashenzari.
  1237 | D:2      | Found an ancient bone altar of Kikubaaqudgha.
  1256 | D:2      | Became a worshipper of Sif Muna the Loreminder
  1626 | D:2      | Slain by a worm

Skill      XL: |  1  2  3 |
---------------+----------+-----
Conjurations   | 2 |  2.7
Spellcasting   | 4 |  4.5
Fire Magic     | 4 |  4.7
Dodging        | |  2.4
Stealth        | |  2.4

Action                   |  1- 3 |  4- 6 || total
-------------------------+-------+-------++-------
Melee: Dagger            |    35 |    38 ||    73
 Cast: Flame Tongue      |    48 |    19 ||    67
       Throw Flame       |     6 |    20 ||    26
  Use: Scroll            |       |     1 ||     1
 Stab: Sleeping          |     1 |       ||     1
  Eat: Chunk             |       |     2 ||     2
Armor: Robe              |     3 |     4 ||     7
Dodge: Dodged            |    31 |    23 ||    54
